 Dungeon Crawl Stone Soup version 0.16-a0-3933-g06ce5c0 (webtiles) character file.

539 timbw the Cleaver (level 7, -4/52 HPs)
             Began as a Human Berserker on Feb 5, 2015.
             Was a Believer of Trog.
             Slain by a wight
             ... wielding a cursed +0 morningstar
              (7 damage)
             ... on level 6 of the Dungeon.
             The game lasted 00:04:14 (767 turns).

timbw the Cleaver (Human Berserker)                  Turns: 767, Time: 00:04:14

Health: -4/52      AC:  5    Str: 19    XL:     7   Next: 51%
Magic:  7/7        EV: 11    Int:  8    God:    Trog [**....]
Gold:   43         SH:  0    Dex: 12    Spells: 0 memorised, 6 levels left

rFire  . . .     SeeInvis .     a - +0 hand axe
rCold  . . .     Clarity  .     f - +0 ring mail
rNeg   . . .     SustAb   .     (no shield)
rPois  .         Gourm    .     (no helmet)
rElec  .         Spirit   .     (no cloak)
rCorr  .         Warding  .     (no gloves)
rMut   .         Stasis   .     (no boots)
MR     .....                    (no amulet)
Stlth  +.........               (no ring)
                                (no ring)

@: lethally poisoned (-4 -> -15), exhausted, very slightly contaminated, slowed,
drained, invisible, very slow, not resistant to hostile enchantments, very
unstealthy
A: no striking features
a: Burn Spellbooks, Berserk, Trog's Hand, Renounce Religion


You were on level 6 of the Dungeon.
You worshipped Trog.
Trog was pleased with you.
You were hungry.

You visited 1 branch of the dungeon, and saw 7 of its levels.

You collected 43 gold pieces.

Inventory:

Hand weapons
 a - a +0 hand axe (weapon)
Armour
 b - a +0 animal skin
 f - a +0 ring mail (worn)
 k - a +0 scale mail
Magical devices
 m - a wand of fireball (4)
 n - a wand of flame (31)
Scrolls
 d - 4 scrolls of enchant armour {unknown}
 i - 2 scrolls of identify {unknown}
Potions
 e - a potion of invisibility
 j - a potion of flight {unknown}
 l - a potion of might {unknown}
Comestibles
 c - a bread ration


   Skills:
 - Level 3.0(2.5) Fighting
 + Level 8.1(7.6) Axes
 - Level 2.0(1.5) Armour
 - Level 2.0(1.5) Dodging


You had 6 spell levels left.
You didn't know any spells.

Dungeon Overview and Level Annotations

Branches:
Dungeon (7/15)
 Temple: D:4-7

Altars:
Ashenzari
Dithmenos
Ru
Vehumet


Message History

The wight is heavily damaged.
You are no longer berserk.
You are exhausted.
You feel yourself slow down.
You are feeling hungry.
The wight closely misses you.
Use which ability? (? or * to list)
Okay, then.
Drink which item? (? for menu, Esc to quit)
It was a potion of invisibility.
You fade into invisibility!
The wight misses you.
You are very lightly contaminated with residual magic.
Drink which item? (? for menu, Esc to quit)
It was a potion of poison.
That liquid tasted very nasty...
You are lethally poisoned!
* * * LOW HITPOINT WARNING * * *
You feel sick. The wight hits you with a morningstar!
You die...

#.........>..##...#
######......###.#.##
#..֠.....$......
#................
#....$...........
#...!.)..........
#...............
#.....)....?.....
#.......@........
#######zz.....##.
#.......# #.=.......
#.......## #.......!
........ #...... ###


You could see 2 wights.

Vanquished Creatures
  A water moccasin (D:6)
  A sky beast (D:6)
  A centaur (D:5)
  A scorpion (D:5)
  3 wights (D:6)
  A hound (D:5)
  An orc wizard (D:5)
  2 adders
  An adder skeleton (D:5)
  2 giant geckos (D:6)
  An ooze (D:5)
  An orc (D:3)
  5 bats
  A bat zombie (D:6)
  4 goblins
  2 hobgoblins
  A quokka (D:5)
  A giant newt (D:5)
  A kobold (D:5)
  2 rats
33 creatures vanquished.

Notes
Turn   | Place    | Note
--------------------------------------------------------------
     0 | D:1      | timbw, the Human Berserker, began the quest for the Orb.
     0 | D:1      | Reached XP level 1. HP: 18/18 MP: 1/1
    66 | D:2      | Found a shadowy altar of Dithmenos.
    97 | D:3      | Reached XP level 2. HP: 24/24 MP: 2/2
   284 | D:5      | Entered Level 5 of the Dungeon
   284 | D:5      | Noticed a centaur
   290 | D:5      | Killed a centaur
   290 | D:5      | Reached skill level 5 in Axes
   290 | D:5      | Reached XP level 3. HP: 11/29 MP: 3/3
   290 | D:5      | Reached XP level 4. HP: 13/35 MP: 4/4
   290 | D:5      | Reached XP level 5. HP: 15/41 MP: 5/5
   363 | D:5      | Noticed a scorpion
   381 | D:5      | Found a sacrificial altar of Ru.
   389 | D:5      | Killed a scorpion
   389 | D:5      | Reached skill level 6 in Axes
   389 | D:5      | Reached XP level 6. HP: 41/47 MP: 6/6
   413 | D:5      | Acquired Trog's second power
   479 | D:5      | Found a shattered altar of Ashenzari.
   561 | D:6      | Noticed a sky beast
   562 | D:6      | Found a radiant altar of Vehumet.
   583 | D:6      | Killed a sky beast
   583 | D:6      | Reached skill level 7 in Axes
   668 | D:6      | Noticed a water moccasin
   677 | D:6      | Killed a water moccasin
   677 | D:6      | Reached XP level 7. HP: 37/52 MP: 7/7
   757 | D:6      | Reached skill level 8 in Axes
   767 | D:6      | Slain by a wight

Action                   |  1- 3 |  4- 6 |  7- 9 || total
-------------------------+-------+-------+-------++-------
Melee: Hand axe          |    19 |    57 |    18 ||    94
Invok: Berserk           |     2 |     4 |     1 ||     7
       Trog's Hand       |       |     1 |     1 ||     2
  Use: Potion            |       |       |     2 ||     2
 Stab: Paralysed         |       |     3 |       ||     3
       Sleeping          |       |     1 |       ||     1
  Eat: Chunk             |       |     4 |     1 ||     5
       Beef jerky        |       |       |     1 ||     1
